 Dungeon Crawl Stone Soup version 0.31-a0-221-gbddc013574 (webtiles) character file.

Game seed: 990003336409175591

38 reriks the Sneak (level 3, -1/19 HPs)
             Began as a Kobold Enchanter on July 4, 2023.
             Slain by a gnoll
             ... wielding a +0 club
              (8 damage)
             ... on level 2 of the Dungeon.
             The game lasted 00:02:45 (864 turns).

reriks the Sneak (Kobold Enchanter)                  Turns: 864, Time: 00:02:46

Health: -1/19      AC:  2    Str:  5    XL:     3   Next: 65%
Magic:  6/6        EV: 15    Int: 16    God:
Gold:   27         SH:  0    Dex: 17    Spells: 1/6 levels left

rFire   . . .        a - +1 dagger
rCold   . . .        (no shield)
rNeg    . . .        b - +0 robe
rPois   .            (no helmet)
rElec   .            (no cloak)
rCorr   .            (no gloves)
SInv    .            (no boots)
Will    .....        (no amulet)
Stlth   ++++         (no ring)
HPRegen 0.23/turn    (no ring)
MPRegen 0.10/turn

%: no passive effects
@: no status effects
A: small, no large weapons, nightstalker 3
a: no special abilities


You were on level 2 of the Dungeon.
You visited 1 branch of the dungeon, and saw 2 of its levels.

You collected 27 gold pieces.

Inventory:

Hand Weapons
 a - a +1 dagger (weapon)
Missiles
 f - 6 poisoned darts
Armour
 b - a +0 robe (worn)
Scrolls
 d - a scroll of amnesia {unknown}
 e - 2 scrolls of teleportation {unknown}
Potions
 c - 2 potions of invisibility


   Skills:
 * Level 2.5 Short Blades
 + Level 2.9 Dodging
 * Level 4.6 Stealth
 + Level 2.4 Spellcasting
 + Level 3.1 Hexes


You had one spell level left.
You knew the following spells:

 Your Spells              Type           Power      Damage    Failure   Level
a - Ensorcelled Hibernat  Hex/Ice        14%        N/A       16%         2
b - Confusing Touch       Hex            12%        N/A       16%         3

Your spell library contained the following spells:

 Spells                   Type           Power      Damage    Failure   Level
 Tukima's Dance           Hex            12%        N/A       16%         3
 Dazzling Flash           Conj/Hex       14%        N/A       30%         3


Dungeon Overview and Level Annotations

Branches:
Dungeon (2/15)

Altars:

Annotations:
D:2 Natasha


Innate Abilities, Weirdness & Mutations

You are small and have problems with some larger weapons.
You are completely attuned to the shadows.


Message History

An endoplasm comes into view.
Found an escape hatch in the ceiling.
The helpless endoplasm fails to defend itself.
You impale the endoplasm!!
You kill the endoplasm!
A rat comes into view.
Cast which spell? (? or * to list)
Aiming: Ensorcelled Hibernation (safe; 16% risk of failure)
Press: ? - help, Shift-Dir - straight line, f - rat
Aim: a rat (chance to affect: 58%)
The rat looks drowsy...
The helpless rat fails to defend itself.
You impale the rat!!
You kill the rat!
Magic restored.
You open the door.
There is an open door here.
A gnoll comes into view. It is wielding a +0 halberd.
Found a dagger.
A gnoll comes into view.
It is wielding a +0 club. 2 gnolls come into view.
Found a leather armour.
A ball python comes into view.
Found a puce potion.
The gnoll shouts! x2; The ball python hisses angrily.
The gnoll shouts! x2
The gnoll hits you with a +0 halberd!
You hear an angry hiss.
The gnoll attacks as you move away! The gnoll barely misses you.
The gnoll closely misses you.
Natasha, Servant of Life and Death comes into view.
The gnoll misses you.
There is an open door here.
Natasha casts a spell.
The gnoll attacks as you move away! The gnoll barely misses you.
The gnoll attacks as you move away! The gnoll hits you with a +0 club!
The gnoll attacks as you move away! The gnoll completely misses you.
There is an escape hatch in the ceiling here.
The cerulean imp hits you from afar with a +0 spear.
The gnoll hits you with a +0 club!
You die...

!.......'.#
......S.#.#
........#.#######
########..g.5..#
#######g#
...#...# #.#5###
###.g.######
#..@.......#
#.########.# #
#<.....#.#
#.#.#..>.#
#.#....###
#.###†## #.....#
####


You could see 2 gnolls and a cerulean imp (summoned).

Vanquished Creatures
  2 dart slugs
  2 ball pythons (D:1)
  4 bats (D:1)
  4 endoplasms
  2 giant cockroaches (D:1)
  4 goblins (D:1)
  5 hobgoblins (D:1)
  2 kobolds (D:1)
  5 rats
30 creatures vanquished.

Notes
Turn   | Place    | Note
-------+----------+-------------------------------------------
     0 | D:1      | reriks the Kobold Enchanter began the quest for the Orb.
     0 | D:1      | Reached XP level 1. HP: 10/10 MP: 3/3
   205 | D:1      | Reached XP level 2. HP: 14/15 MP: 5/5
   330 | D:1      | Reached XP level 3. HP: 8/19 MP: 6/6
   760 | D:1      | Learned a level 2 spell: Ensorcelled Hibernation
   764 | D:1      | Learned a level 3 spell: Confusing Touch
   848 | D:2      | Noticed Natasha
   864 | D:2      | Slain by a gnoll

Illustrated notes

Levels and vault maps discovered:
D:1:      dpeg_arrival_long_road, layout_rooms, chequers_serial_rivers_large_b
D:2:      layout_basic, uniq_natasha, uniq_terence

Skill      XL: |  1  2 |
---------------+-------+-----
Short Blades   | 2 |  2.5
Dodging        | |  2.9
Stealth        | |  4.6
Spellcasting   | |  2.4
Hexes          | |  3.1

Action                     || total
---------------------------++-------
  Melee: Dagger            ||    69
         Punch             ||     2
   Cast: Ensorcelled Hiber ||     1
   Stab: Sleeping          ||    14
         Distracted        ||     1
 Armour: Robe              ||    11
  Dodge: Dodged            ||    40

Table legend: (Time is in decaauts)
 A = Elapsed time spent in this place.
 B = Non-inter-level travel time spent in this place.
 C = Inter-level travel time spent in this place.
 D = Time resting spent in this place.
 E = Time spent auto-exploring this place.
 F = Levels seen in this place.
 G = Mean time per level.
                   A        B        C        D        E       F      G
               +--------+--------+--------+--------+--------+-----+--------+
         Total |    896 |    829 |     67 |    101 |    458 |   2 |  448.0 |
       Dungeon |    896 |    829 |     67 |    101 |    458 |   2 |  448.0 |
               +--------+--------+--------+--------+--------+-----+--------+

Top non-repeatable levels by time:
     D:1: 824 daAuts
     D:2: 72 daAuts
